Map: Golden Wall LE

Players

Skynet - Winner!

  • Race: Zerg Zerg
  • League: Platinum
  • Spawn Location: 7:00

MfcGuru

  • Race: Terran Terran
  • League: Diamond
  • Spawn Location: 5:00

VOD

Have the link to the VOD?

Description

Time

  • Played on: Aug. 9, 2020, 9:54 p.m.
  • Length: 8:01
Show
View Real Time Build Order
Export as new Build Order

Skynet Zerg - Winner!

Build Orders: Hatch First 

Get SALT Encoding   

  12  0:00  Drone  
  13  0:15  Overlord  
  13  0:23  Drone  
  14  0:34  Drone x2  
  16  0:51  Hatchery  
  16  0:54  Drone  
  16  0:56  Drone  
  17  1:01  Drone  
  18  1:17  Spawning Pool  
  17  1:18  Drone  
  17  1:19  Extractor  
  17  1:22  Drone  
  18  1:31  Drone  
  19  1:42  Drone  
  20  1:53  Drone  
  21  2:07  Overlord  
  21  2:08  Drone  
  21  2:10  Queen x2  
  26  2:16  Zergling x4  
  28  2:27  Drone x2  
  30  2:32  Metabolic Boost  
  30  2:37  Drone x2  
  30  2:41  Spore Crawler  
  31  2:59  Drone  
  31  3:00  Drone x3  
  35  3:08  Drone  
  35  3:09  Overlord  
  36  3:22  Overlord  
  36  3:36  Baneling Nest  
  35  3:49  Overlord  
  35  3:50  Zergling x8  
  35  3:51  Zergling x4, Extractor  
  40  4:01  Drone  
  40  4:02  Drone x4  
  45  4:31  Overlord  
  45  4:32  Zergling x10  
  45  4:33  Zergling x8  
  54  4:52  Overlord  
  54  4:53  Zergling x4  
  56  5:04  Zergling x2  
  56  5:05  Zergling x2  
  58  5:15  Baneling x5  
  58  5:16  Baneling x7  
  58  5:19  Zergling x4  
  58  5:20  Zergling x4  
  56  5:44  Zergling x16  
  55  6:16  Zergling x2  
  55  6:17  Zergling x12  
  54  6:23  Zergling x2  
  54  6:24  Zergling x6  
  54  6:34  Zergling x2  
  54  6:35  Zergling x8  
  55  6:47  Zergling x2  
  55  6:48  Zergling x2  
  51  7:04  Zergling x4  
  51  7:05  Zergling x12  
  57  7:12  Baneling x3  
  57  7:14  Zergling x4  
  54  7:21  Zergling x2  
  51  7:29  Zergling x2  
  49  7:44  Zergling x2  
  50  7:53  Hatchery  
  50  7:57  Hatchery  
Show
View Real Time Build Order
Export as new Build Order

MfcGuru Terran 

Build Orders: Gas First Reaper Expand 

Get SALT Encoding   

  12  0:01  SCV  
  13  0:13  SCV  
  14  0:18  Supply Depot  
  14  0:25  SCV  
  15  0:30  Refinery  
  15  0:42  Barracks  
  15  0:45  SCV  
  16  0:57  SCV  
  17  1:10  SCV  
  18  1:22  SCV  
  19  1:31  Reaper  
  20  1:39  Command Center  
  20  1:48  Orbital Command  
  20  2:00  Factory  
  20  2:07  Barracks Reactor  
  20  2:15  Supply Depot  
  20  2:19  Refinery  
  20  2:20  SCV  
  21  2:32  SCV  
  22  2:44  SCV  
  23  2:53  Orbital Command  
  23  2:56  SCV  
  24  3:12  Hellion x2  
  28  3:19  Starport  
  28  3:20  SCV x2  
  28  3:26  Barracks Tech Lab  
  30  3:33  Hellion x2  
  34  3:35  SCV x2  
  36  3:47  SCV  
  36  3:48  SCV  
  38  3:49  Supply Depot  
  38  3:50  Stimpack  
  38  4:01  Barracks, Marine  
  39  4:04  Liberator  
  39  4:05  SCV x2  
  39  4:06  Factory Tech Lab  
  44  4:10  Supply Depot  
  44  4:17  SCV x2  
  44  4:18  Marine  
  47  4:29  SCV  
  47  4:30  Refinery, SCV  
  49  4:36  Marine  
  50  4:41  Command Center  
  50  4:45  SCV x2  
  52  4:49  Starport Reactor  
  52  4:52  Siege Tank  
  55  4:54  Marine  
  55  4:59  Marine x2  
  57  5:04  SCV x2  
  60  5:09  Refinery  
  60  5:10  Supply Depot  
  60  5:12  Marine  
  61  5:17  Marine  
  62  5:32  SCV x2, Siege Tank  
  67  5:44  SCV x2  
  69  5:56  SCV x2  
  71  5:57  Orbital Command  
  71  6:07  Engineering Bay  
  71  6:08  SCV x2  
  71  6:09  Engineering Bay  
  58  6:19  Marine  
  58  6:20  SCV x2  
  54  6:31  Marine x2  
  54  6:32  SCV x2  
  38  6:37  Marine  
  38  6:44  SCV x2  
  32  6:48  Marine  
  32  6:49  Marine  
  24  6:55  Marine  
  24  6:57  SCV x2  
  27  7:06  Marine  
  19  7:09  SCV x2  
  19  7:13  Marine  
  19  7:17  Marine  
  19  7:21  SCV x2  
  18  7:24  Marine  
  16  7:31  Marine  
  16  7:33  SCV x2  
  16  7:35  Marine  
  23  7:42  Marine  
  24  7:45  SCV x2  
Tags
 
Add a new tag
Caveats
  • Supply blocks, unpowered buildings, or Contaminate may cause inaccurate times.
  • Supply counts are checked every 10 seconds.